 Dungeon Crawl Stone Soup version 0.29-a0-911-g88e6f02907 (webtiles) character file.

Game seed: 15224652416995743644

185 avis the Chiller (level 5, -4/41 HPs)
             Began as a Demigod Ice Elementalist on July 23, 2022.
             Slain by a water moccasin (8 damage)
             ... on level 4 of the Dungeon on July 25, 2022.
             The game lasted 00:21:59 (3899 turns).

avis the Chiller (Demigod Ice Elementalist)         Turns: 3899, Time: 00:22:01

Health: -4/41      AC:  9    Str:  9    XL:     5   Next: 14%
Magic:  12/12      EV: 12    Int: 17    God:
Gold:   188        SH:  0    Dex: 18    Spells: 6/10 levels left

rFire   . . .      SeeInvis .   w - +0 dagger (vamp)
rCold   . . .      Faith    .   (no shield)
rNeg    . . .      Spirit   .   e - +0 robe
rPois   .          Reflect  .   (no helmet)
rElec   .          Harm     .   (no cloak)
rCorr   .          Rampage  .   d - +0 pair of gloves
Will    .....                   (no boots)
Stlth   ++........              (no amulet)
HPRegen 0.13/turn               (no ring)
MPRegen 0.13/turn               (no ring)

@: lethally poisoned (-4 -> -15), ice-armoured
A: high MP 1, forlorn, divine attributes
a: no special abilities


You were on level 4 of the Dungeon.
You visited 1 branch of the dungeon, and saw 4 of its levels.

You collected 188 gold pieces.

Inventory:

Hand Weapons
 a - a +1 dagger of venom
 b - a +0 sling
 n - a +2 dagger of protection
 o - a +2 dagger of flaming
 w - a +0 vampiric dagger (weapon)
 y - a +0 falchion
Missiles
 x - 2 poisoned darts
Armour
 d - a +0 pair of gloves (worn)
 e - a +0 robe (worn)
Magical Staves
 s - a staff of conjuration
Jewellery
 z - an amulet of reflection
Wands
 p - a wand of flame (28)
 v - a wand of paralysis (8)
Scrolls
 f - a scroll of vulnerability {unknown}
 g - 2 scrolls of butterflies {unknown}
 h - a scroll of teleportation {unknown}
 j - a scroll of identify {unknown}
 k - 2 scrolls of fear {unknown}
 r - a scroll of magic mapping {unknown}
 t - a scroll of enchant weapon {unknown}
Potions
 c - 3 potions of heal wounds {unknown}
 i - 2 potions of magic
 m - 2 potions of degeneration {unknown}
 q - a potion of lignification {unknown}
 u - a potion of brilliance {unknown}


   Skills:
 - Level 2.0 Fighting
 - Level 1.7 Dodging
 * Level 1.8 Stealth
 - Level 3.0 Spellcasting
 - Level 5.0 Ice Magic


You had 6 spell levels left.
You knew the following spells:

 Your Spells              Type           Power      Damage    Failure   Level
a - Freeze                Ice            76%        1d9       2%          1
o - Ozocubu's Armour      Ice            19%        N/A       7%          3

Your spell library contained the following spells:

 Spells                   Type           Power      Damage    Failure   Level
 Frozen Ramparts          Ice            38%        1d5       7%          3
 Hailstorm                Conj/Ice       11%        3d5       52%         4


Dungeon Overview and Level Annotations

Branches:
Dungeon (4/15)
 Temple: D:4-7

Annotations:
D:3 1 runed translucent door / Deep water unexplored., WNRobin's ghost, weakling DsWn


Innate Abilities, Weirdness & Mutations

You have an increased reservoir of magic. (+10% MP)
You shall have no god before yourself.
Your divine heritage dramatically boosts your attributes as you level up.


Message History

* * * LOW HITPOINT WARNING * * *
You are lethally poisoned!
The water moccasin poisons you!
You feel better.
The water moccasin closely misses you. x2
You hit the water moccasin.
The water moccasin is severely wounded.
The water moccasin bites you but does no damage.
You miss the water moccasin.
The water moccasin is severely wounded.
The water moccasin bites you!
Your +1 dagger of venom stops dripping with poison.
You feel a sense of dread.
w - a +0 vampiric dagger (weapon)
The water moccasin bites you.
You are lethally poisoned!
The water moccasin poisons you!
You feel better. The water moccasin bites you.
You are lethally poisoned!
The water moccasin poisons you! The water moccasin barely misses you.
You feel better. The water moccasin closely misses you.
You miss the water moccasin.
The water moccasin is severely wounded.
The water moccasin bites you but does no damage.
You hit the water moccasin.
You feel better.
The water moccasin is severely wounded.
The water moccasin bites you.
You are lethally poisoned!
The water moccasin poisons you! The water moccasin closely misses you.
You hit the water moccasin.
You feel better.
The water moccasin is severely wounded.
You feel very sick. The water moccasin barely misses you.
You hit the water moccasin.
The water moccasin is severely wounded.
* * * LOW HITPOINT WARNING * * *
You feel very sick. The water moccasin bites you.
* * * LOW HITPOINT WARNING * * *
The water moccasin bites you!
You die...

##### ####
##...##...##
##......S...##
#......@..>..#
##............#
##.............#
#..#..........##
#####.#.....##...##
##.......##### ####
##........##
.......>..#
##........#


You could see a water moccasin.

Vanquished Creatures
  A scorpion (D:4)
  5 adders
  2 worms (D:4)
  2 dart slugs
  6 orcs
  3 ball pythons
  6 bats
  6 endoplasms
  5 giant cockroaches
  5 goblins
  9 hobgoblins
  2 quokkas
  3 frilled lizards
  7 kobolds
  4 rats
66 creatures vanquished.

Notes
Turn   | Place    | Note
-------+----------+-------------------------------------------
     0 | D:1      | avis the Demigod Ice Elementalist began the quest for the
                  | Orb.
     0 | D:1      | Reached XP level 1. HP: 14/14 MP: 5/5
   157 | D:1      | Reached skill level 1 in Fighting
   600 | D:1      | Reached XP level 2. HP: 23/23 MP: 5/7
  1124 | D:1      | Noticed a hellwing
  1381 | D:2      | Reached skill level 4 in Ice Magic
  1381 | D:2      | Reached XP level 3. HP: 22/29 MP: 4/8
  1583 | D:2      | Learned a level 3 spell: Ozocubu's Armour
  2856 | D:3      | Reached XP level 4. HP: 36/36 MP: 11/11
  3012 | D:3      | Found a runed translucent door.
  3014 | D:3      | Noticed WNRobin's ghost (weakling DsWn)
  3194 | D:4      | Upgraded the game from 0.29-a0-892-g2c4c91d9db to
                  | 0.29-a0-911-g88e6f02907
  3446 | D:4      | Reached XP level 5. HP: 40/41 MP: 6/12
  3830 | D:4      | Reached skill level 5 in Ice Magic
  3865 | D:4      | Noticed a water moccasin
  3899 | D:4      | Slain by a water moccasin

Illustrated notes

Levels and vault maps discovered:
D:1:      amcnicky_arrival_double_pillar, layout_rooms,
          dreamdust_ecumenical_altar_sealed_demon
D:2:      layout_basic
D:3:      layout_rooms, ebering_ghost_inner_flame, skrybe_limestone_x,
          amcnicky_mini_pool_small, st_stairs_10, grunt_decor_mini_mirrors,
          hangedman_decor_points, lemuel_another_geyser
D:4:      layout_rooms

Skill      XL: |  1  2  3  4  5 |
---------------+----------------+-----
Fighting       | 1 2 |  2.0
Spellcasting   | 2 3 |  3.0
Ice Magic      | 4 5 |  5.0
Dodging        | |  1.7
Stealth        | |  1.8

Action                   |  1- 3 |  4- 6 || total
-------------------------+-------+-------++-------
Melee: Short sword       |     2 |       ||     2
       Dagger            |    11 |    78 ||    89
 Fire: Sling             |    17 |     4 ||    21
 Cast: Freeze            |    64 |     3 ||    67
       Ozocubu's Armour  |     4 |     8 ||    12
  Use: Potion            |       |     5 ||     5
 Stab: Sleeping          |     4 |     5 ||     9
Armor: Robe              |     7 |    20 ||    27
Dodge: Dodged            |    31 |    38 ||    69

Table legend: (Time is in decaauts)
 A = Elapsed time spent in this place.
 B = Non-inter-level travel time spent in this place.
 C = Inter-level travel time spent in this place.
 D = Time resting spent in this place.
 E = Time spent auto-exploring this place.
 F = Levels seen in this place.
 G = Mean time per level.
                   A        B        C        D        E       F      G
               +--------+--------+--------+--------+--------+-----+--------+
         Total |   3906 |   3520 |    386 |   1377 |   1447 |   4 |  976.5 |
       Dungeon |   3906 |   3520 |    386 |   1377 |   1447 |   4 |  976.5 |
               +--------+--------+--------+--------+--------+-----+--------+

Top non-repeatable levels by time:
     D:1: 1389 daAuts
     D:2: 1247 daAuts
     D:3: 703 daAuts
     D:4: 565 daAuts
